 Dungeon Crawl Stone Soup version 0.17-a0-1522-g6c5b4ba (webtiles) character file.

156 TheHolyPigeon the Cutter (level 5, -4/41 HPs)
             Began as a Human Wanderer on July 14, 2015.
             Was an Initiate of Trog.
             Slain by a fire bat (6 damage)
             ... on level 4 of the Dungeon.
             The game lasted 00:11:19 (3433 turns).

TheHolyPigeon the Cutter (Human Wanderer)           Turns: 3433, Time: 00:11:20

Health: -4/41      AC: 10    Str: 13 (14) XL:     5   Next: 65%
Magic:  5/5        EV:  4    Int: 12      God:    Trog [......]
Gold:   164        SH:  3    Dex: 12      Spells: 0 memorised, 4 levels left

rFire  . . .     SeeInvis .     a - +2 short sword
rCold  . . .     Clarity  .     m - +0 chain mail
rNeg   . . .     SustAt   .     c - +0 buckler
rPois  +         Gourm    .     (no helmet)
rElec  .         Spirit   .     f - +0 cloak
rCorr  .         Warding  .     (no gloves)
rMut   .         Stasis   .     s - +0 pair of boots
MR     .....                    (no amulet)
Stlth  ..........               (no ring)
                                p - ring of poison resistance

@: drained, not resistant to hostile enchantments, extremely unstealthy
A: no striking features
a: Burn Spellbooks, Renounce Religion


You were on level 4 of the Dungeon.
You worshipped Trog.
Trog was noncommittal.
You were hungry.

You visited 1 branch of the dungeon, and saw 4 of its levels.

You collected 164 gold pieces.

Inventory:

Hand weapons
 a - a +2 short sword (weapon)
Armour
 c - a +0 buckler (worn)
 d - a +0 robe
 f - a +0 cloak (worn)
 j - a +0 ring mail
 m - a +0 chain mail (worn)
 s - a +0 pair of boots (worn)
Jewellery
 l - an uncursed ring of stealth {unknown}
 p - a ring of poison resistance (left hand)
Magical devices
 h - a wand of polymorph (12)
 n - a wand of frost (32)
Scrolls
 b - 2 scrolls of teleportation
 k - a scroll of remove curse {unknown}
 q - 4 scrolls of recharging
Potions
 i - 3 potions of flight
 r - a potion of resistance
Comestibles
 e - 2 bread rations
 g - a royal jelly
 o - a meat ration


   Skills:
 - Level 3.0(2.2) Fighting
 + Level 5.1(4.2) Short Blades
   Level 2.0(1.2) Bows
 - Level 1.0(0.2) Throwing
 - Level 2.0(1.2) Armour
 - Level 1.0(0.2) Shields


You had 4 spell levels left.
You didn't know any spells.

Dungeon Overview and Level Annotations

Branches:
Dungeon (4/15)
 Temple: D:4-7

Altars:
Gozag
Makhleb
Qazlal
Trog
Vehumet


Message History

The puff of frost hits the ogre.
The ogre is almost dead.
Evoking this partially-identified wand wasted a few charges.
The ogre barely misses you.
Evoke which item? (* to show all) (? for menu, Esc to quit)
Zapping:
h - a wand of polymorph (will waste charges)
Press: ? - help, Shift-Dir - straight line, f/p - ogre
Aim: an ogre, wielding a giant club (almost dead, chance to defeat MR: 46%)
The ogre evaporates and reforms as a fire bat!
Evoking this partially-identified wand wasted a few charges.
You block the fire bat's attack.
You closely miss the fire bat.
The fire bat bites you but does no damage. x2
You puncture the fire bat!
The fire bat is moderately wounded.
The fire bat bites you but does no damage.
The fire bat bites you.
* * * LOW HITPOINT WARNING * * *
You are engulfed in flames.
You die...

...).....# .........# ##
.........## #.#
.....<....#### #####..###
..<..........###........#
##......................#
####.......(..........#
##......(......#
#..........@..#
#....######.b).# ......##
##...# ......## ##..#
##....# #..# ###### #..#
...# ...# ..###


You could see a fire bat.

Vanquished Creatures
  A centaur skeleton (D:3)
  5 adders
  An ooze (D:2)
  5 worms (D:2)
  2 giant geckos
  3 orcs (D:3)
  A ball python (D:1)
  7 hobgoblins
  5 jackals
  5 kobolds
  2 quokkas
  9 bats
  2 giant newts
  9 goblins
  2 rats
59 creatures vanquished.

Notes
Turn   | Place    | Note
--------------------------------------------------------------
     0 | D:1      | TheHolyPigeon the Human Wanderer began the quest for the Orb.
     0 | D:1      | TheHolyPigeon set off with: a +2 short sword, a scroll of teleportation, a +0 buckler, a +0 robe, a bread ration
     0 | D:1      | Reached XP level 1. HP: 18/18 MP: 1/1
   611 | D:1      | Reached XP level 2. HP: 24/24 MP: 2/2
   766 | D:2      | Reached XP level 3. HP: 6/29 MP: 3/3
  1385 | D:2      | Reached XP level 4. HP: 15/35 MP: 4/4
  1877 | D:2      | Reached skill level 4 in Short Blades
  2045 | D:2      | Reached XP level 5. HP: 22/41 MP: 5/5
  2646 | D:3      | Found a bloodstained altar of Trog.
  2652 | D:3      | Became a worshipper of Trog the Wrathful
  2870 | D:3      | Found a burning altar of Makhleb.
  2870 | D:3      | Found a stormy altar of Qazlal.
  2871 | D:3      | Found an opulent altar of Gozag.
  3119 | D:4      | Reached skill level 5 in Short Blades
  3247 | D:4      | Found a radiant altar of Vehumet.
  3412 | D:4      | Noticed an ogre
  3430 | D:4      | Noticed a fire bat
  3430 | D:4      | an ogre changed into a fire bat
  3433 | D:4      | HP: 2/41 [fire bat (3)]
  3433 | D:4      | Slain by a fire bat

Vault maps used:
D:1:      eino_arrival_water_star, roderic_nine_men_s_morris
D:3:      gammafunk_temple_overflow_claw, first_bread, dk_noncrumbling_4,
          trog_three_pillars_becter
D:4:      vehumet_altar_wand_db, uniq_sigmund

Action                   |  1- 3 |  4- 6 || total
-------------------------+-------+-------++-------
Melee: Short sword       |    90 |   185 ||   275
Evoke: Wand              |       |     2 ||     2
  Use: Potion            |     1 |     6 ||     7
       Scroll            |       |     6 ||     6
  Eat: Fruit             |     2 |       ||     2
       Beef jerky        |       |     1 ||     1
       Bread ration      |       |     1 ||     1
